 Dungeon Crawl Stone Soup version 0.23-a0-417-gf02c810438 (webtiles) character file.

9664 Pilesh the Cleaver (level 11, 0/97 HPs)
             Began as a Minotaur Fighter on Nov 11, 2018.
             Was a High Priest of Okawaru.
             Slain by a death yak (15 damage)
             ... on level 10 of the Dungeon.
             The game lasted 00:17:24 (8741 turns).

Pilesh the Cleaver (Minotaur Fighter)               Turns: 8741, Time: 00:17:24

Health: 0/97       AC: 14    Str: 24    XL:     11   Next: 26%
Magic:  10/10      EV: 11    Int:  5    God:    Okawaru [*****.]
Gold:   840        SH: 12    Dex: 13    Spells: 10/10 levels left

rFire    . . .     SeeInvis +   t - +3 broad axe "Asarate" {flame, *Drain rElec SInv Stlth+}
rCold    . . .     Gourm    .   c - +0 shield
rNeg     . . .     Faith    .   z - +0 chain mail
rPois    .         Spirit   .   g - +2 hat {MR+}
rElec    +         Reflect  .   C - +0 cloak
rCorr    .         Harm     .   (no gloves)
MR       ++...                  (no boots)
Stlth    ..........             e - amulet of regeneration
HPRegen  0.66/turn              h - +3 ring of dexterity
MPRegen  0.12/turn              E - ring of protection from magic

@: no status effects
A: retaliatory headbutt, horns 2
a: Heroism, Finesse, Renounce Religion


You were on level 10 of the Dungeon.
You worshipped Okawaru.
Okawaru was extremely pleased with you.
You were not hungry.

You visited 2 branches of the dungeon, and saw 11 of its levels.
You also visited: Sewer and Ossuary.

You collected 840 gold pieces.

Inventory:

Hand Weapons
 t - the +3 broad axe "Asarate" (weapon) {flame, *Drain rElec SInv Stlth+}
   (You acquired it on level 5 of the Dungeon)

   It has been specially enchanted to burn those struck by it, causing extra
   injury to most foes and up to half again as much damage against particularly
   susceptible opponents.
   Big, fiery blades are also staple armaments of hydra-hunters.
   It insulates you from electricity.
   It lets you see invisible.
   It causes draining when unequipped.
   It makes you more stealthy.
Missiles
 J - a throwing net (quivered)
Armour
 c - a +0 shield (worn)
 g - a +2 hat of magic resistance (worn)
 z - a +0 chain mail (worn)
 C - a +0 cloak (worn)
Jewellery
 e - an amulet of regeneration (around neck)
 h - a +3 ring of dexterity (left hand)
 n - a cursed amulet of inaccuracy {unknown}
 D - an uncursed amulet of the acrobat {unknown}
 E - a ring of protection from magic (right hand)
Wands
 k - a wand of polymorph (10)
 r - a wand of iceblast (10)
 s - a wand of flame (11)
 F - a wand of clouds (4)
Scrolls
 l - 2 scrolls of amnesia
 u - 7 scrolls of teleportation
 v - a scroll of fear
 w - a scroll of fog
 y - 7 scrolls of remove curse
 A - a scroll of acquirement
 G - a scroll of magic mapping
 I - 2 scrolls of enchant weapon
Potions
 a - 2 potions of resistance {unknown}
 b - 5 potions of brilliance
 d - a potion of might
 i - a potion of agility
 j - a potion of cancellation
 m - 2 potions of flight {unknown}
 o - 13 potions of heal wounds
 p - a potion of berserk rage {unknown}
 q - a potion of haste {unknown}
 x - 4 potions of curing
 B - 2 potions of ambrosia {unknown}
Comestibles
 f - 23 rations
 H - 12 chunks of flesh


   Skills:
 + Level 9.4 Fighting
 * Level 12.3 Axes
 + Level 9.3 Armour
 + Level 7.8 Dodging
 + Level 9.4 Shields


You had 10 spell levels left.
You didn't know any spells.
Your spell library contained the following spells:

 Spells                   Type           Power        Failure   Level  Hunger
 Animate Skeleton         Necr           N/A          99%         1    ##.....
 Apportation              Tloc           #.....       99%         1    ##.....
 Beastly Appendage        Tmut           #.....       99%         1    ##.....
 Confusing Touch          Hex            #.....       99%         1    ##.....
 Summon Small Mammal      Summ           #...         99%         1    ##.....
 Call Imp                 Summ           #.......     100%        2    ###....
 Sticks to Snakes         Tmut           #.......     100%        2    ###....
 Call Canine Familiar     Summ           #.......     100%        3    ####...
 Spider Form              Tmut/Pois      #.........   100%        3    ####...
 Summon Guardian Golem    Hex/Summ       #.......     100%        3    ####...
 Ice Form                 Ice/Tmut       #.......     100%        4    #####..
 Summon Ice Beast         Ice/Summ       #.......     100%        4    #####..
 Summon Lightning Spire   Summ/Air       #.......     100%        4    #####..
 Blade Hands              Tmut           #.........   100%        5    ######.


Dungeon Overview and Level Annotations

Branches:
Dungeon (10/15)            Temple (1/1) D:4            Lair (0/6) D:10
    Orc: D:9-12

Altars:
Ashenzari
Cheibriados
Dithmenos
Elyvilon
Fedhas
Gozag
Hepliaklqana
Kikubaaqudgha
Makhleb
Nemelex Xobeh
Okawaru
Qazlal
Ru
Sif Muna
Trog
Uskayaw
Vehumet
Wu Jian
Xom
Yredelemnul
Zin
The Shining One

Shops:
D:9 %

Annotations:
D:6 1 runed door, Wolly's ghost, novice MfSu


Innate Abilities, Weirdness & Mutations

You reflexively headbutt those who attack you in melee.
You have a pair of horns on your head.


Message History

The yak gores you.
* * * LOW HITPOINT WARNING * * *
You block the death yak's attack.
You slice the death yak!! You burn the death yak! You headbutt the death yak.
The death yak is almost dead.
You closely miss the yak. The yak gores you.
* * * LOW HITPOINT WARNING * * *
The death yak closely misses you.
Unknown command.
You hit the death yak. You burn the death yak.
The death yak is almost dead.
You slash the yak! You burn the yak. The yak gores you!
* * * LOW HITPOINT WARNING * * *
The death yak gores you.
* * * LOW HITPOINT WARNING * * *
Unknown command.
You hit the death yak but do no damage.
The death yak is almost dead.
You barely miss the yak. You block the yak's attack. The death yak gores you!
You die...

........รท.........#
...........(......#
..................#
..................#
..................#
..................#
######.......[....#
#>...........#
#@...........#
.....YYY...........#
......Y............#
..#...#.###+#......
........ .####
.>.#..... #
...#..... #. .....[.


You could see 2 death yaks and 2 yaks.

Vanquished Creatures
  The ghost of Grangar the Carver, a journeyman HOFi of Beogh (D:8)
  A death yak (D:10)
  A cyclops (D:6)
  A gargoyle (D:6)
  The ghost of rlgrobin the Shield-Bearer, a novice HuFi of Vehumet (D:5)
  A troll (D:9)
  A merfolk (D:9)
  A hippogriff (D:10)
  3 wraiths (D:8)
  A yak (D:10)
  A hungry ghost (D:9)
  A black bear (D:8)
  2 orc warriors
  5 ogres
  3 necrophages (D:8)
  2 sky beasts
  2 crocodiles (D:7)
  4 centaurs
  3 bullfrogs
  3 scorpions
  58 killer bees
  2 wights (D:8)
  A howler monkey (D:8)
  5 hounds
  A quasit (D:9)
  A jelly (D:8)
  7 orc priests
  4 human zombies (D:8)
  2 centaur skeletons
  An iguana (D:8)
  6 orc wizards
  6 worker ants
  A killer bee zombie (D:9)
  A big kobold zombie (Ossuary)
  9 mummies
  A hound skeleton (D:4)
  3 gnolls (D:6)
  A howler monkey zombie (D:6)
  18 adders
  4 river rats (Sewer)
  2 shadow imps (D:7)
  3 oozes
  An adder zombie (D:8)
  3 dart slugs
  6 worms
  8 leopard geckos
  20 orcs
  9 bats
  2 bat zombies (D:2)
  4 giant cockroaches
  2 gnoll zombies (Ossuary)
  5 goblins
  6 hobgoblins
  3 quokkas
  4 ball pythons
  15 frilled lizards
  A hobgoblin zombie (Ossuary)
  6 kobolds
  2 kobold zombies (Ossuary)
  A leopard gecko skeleton (D:5)
  A leopard gecko zombie (D:8)
  4 orc zombies
  A quokka skeleton (D:6)
  A quokka zombie (D:5)
  12 rats
  3 rat zombies (D:2)
295 creatures vanquished.

Vanquished Creatures (others)
  5 dream sheep (D:8)
  A withered plant (D:6)
6 creatures vanquished.

Grand Total: 301 creatures vanquished

Notes
Turn   | Place    | Note
-------+----------+-------------------------------------------
     0 | D:1      | Pilesh the Minotaur Fighter began the quest for the Orb.
     0 | D:1      | Reached XP level 1. HP: 19/19 MP: 0/0
   171 | D:1      | Reached XP level 2. HP: 27/27 MP: 1/1
   247 | D:1      | Reached skill level 3 in Axes
   470 | D:2      | Reached skill level 1 in Dodging
   470 | D:2      | Reached XP level 3. HP: 33/33 MP: 2/2
   531 | D:2      | Reached XP level 4. HP: 39/40 MP: 3/3
   872 | D:2      | Found a hide-covered altar of Uskayaw.
  1021 | D:2      | Reached skill level 4 in Axes
  1129 | D:2      | Found an ancient bone altar of Kikubaaqudgha.
  1277 | D:3      | Reached XP level 5. HP: 41/47 MP: 4/4
  1548 | D:3      | Found a deep blue altar of Sif Muna.
  1682 | D:3      | Found a shattered altar of Ashenzari.
  1881 | D:4      | Found a sacrificial altar of Ru.
  1913 | D:4      | Reached XP level 6. HP: 52/53 MP: 5/5
  1926 | D:4      | Reached skill level 5 in Axes
  2135 | D:4      | Found a burning altar of Makhleb.
  2170 | D:4      | Found an opulent altar of Gozag.
  2182 | D:4      | Reached skill level 5 in Fighting
  2298 | D:4      | Found a staircase to the Ecumenical Temple.
  2309 | Temple   | Entered the Ecumenical Temple
  2586 | D:4      | Found a blossoming altar of Fedhas.
  2881 | D:4      | Reached skill level 5 in Shields
  3306 | D:5      | Entered Level 5 of the Dungeon
  3316 | D:5      | Found a basalt altar of Yredelemnul.
  3375 | D:5      | Reached skill level 5 in Armour
  3375 | D:5      | Reached XP level 7. HP: 58/61 MP: 6/6
  3378 | D:5      | Identified a scroll of acquirement
  3381 | D:5      | Got a transparent broad axe
  3382 | D:5      | Identified the +3 broad axe "Asarate" {flame, *Drain rElec
                  | SInv Stlth+} (You acquired it on level 5 of the Dungeon)
  3398 | D:5      | Found a glowing drain.
  3413 | Sewer    | Entered a sewer
  3992 | D:5      | Reached skill level 6 in Axes
  4021 | D:5      | Noticed rlgrobin's ghost (novice HuFi)
  4030 | D:5      | Found a transporter.
  4034 | D:5      | Found a transporter.
  4269 | D:5      | Found a glowing silver altar of Zin.
  4408 | D:6      | Found a runed door.
  4411 | D:6      | Noticed Wolly's ghost (novice MfSu)
  4523 | D:6      | Found a sparkling altar of Nemelex Xobeh.
  4523 | D:6      | Noticed a gargoyle
  4523 | D:6      | Noticed a cyclops
  4528 | D:6      | Found a transporter.
  4548 | D:6      | Found a transporter.
  4567 | D:6      | Killed a gargoyle
  4567 | D:6      | Reached skill level 7 in Axes
  4567 | D:6      | Reached XP level 8. HP: 64/70 MP: 7/7
  4570 | D:6      | Killed a cyclops
  4570 | D:6      | Reached skill level 8 in Axes
  5088 | D:7      | Reached XP level 9. HP: 78/78 MP: 8/8
  5114 | D:7      | Reached skill level 5 in Dodging
  5145 | D:7      | Found a sand-covered staircase.
  5149 | Ossuary  | Entered an ossuary
  5433 | D:7      | Reached skill level 9 in Axes
  5449 | D:7      | Found an iron altar of Okawaru.
  5466 | D:7      | Became a worshipper of Warmaster Okawaru
  6030 | D:8      | Reached * piety under Okawaru
  6169 | D:8      | Found a shimmering altar of Xom.
  6716 | D:8      | Reached skill level 10 in Axes
  6751 | D:8      | Found a basalt altar of Yredelemnul.
  6864 | D:8      | Found a runed gate.
  6865 | D:8      | Found a runed gate.
  6866 | D:8      | Found a runed gate.
  6867 | D:8      | Noticed Grangar's ghost (journeyman HOFi)
  6875 | D:8      | Reached XP level 10. HP: 79/88 MP: 9/9
  6888 | D:8      | Killed Grangar's ghost
  6888 | D:8      | Reached ** piety under Okawaru
  7269 | D:5      | Killed rlgrobin's ghost
  7269 | D:5      | Reached skill level 11 in Axes
  7428 | D:9      | Found Iffesued's Food Emporium.
  7447 | D:9      | Reached *** piety under Okawaru
  7860 | D:9      | Reached **** piety under Okawaru
  8044 | D:9      | Reached XP level 11. HP: 82/97 MP: 10/10
  8193 | D:9      | Reached skill level 12 in Axes
  8659 | D:9      | Found a snail-covered altar of Cheibriados.
  8695 | D:10     | Entered Level 10 of the Dungeon
  8723 | D:10     | Noticed a death yak
  8724 | D:10     | Noticed a death yak
  8725 | D:10     | Found a staircase to the Lair.
  8734 | D:10     | Killed a death yak
  8734 | D:10     | Reached ***** piety under Okawaru
  8734 | D:10     | Noticed a death yak
  8735 | D:10     | Noticed a two-headed ogre
  8741 | D:10     | Slain by a death yak

Vault maps used:
D:1:      ncdulo_smallfort
D:2:      kb_forest_paths, lemuel_doored_altar,
          lemuel_zombie_altar_kikubaaqudgha, first_ration,
          minmay_misc_feat_hallway
D:3:      lemuel_round_altar, lemuel_crystal_altar
D:4:      nicolae_overflow_hidden_temple, fedhas_altar_1,
          nicolae_overflow_crystal_walls, minmay_temple_entry_overgrown,
          nicolae_ru_path_of_blood
D:5:      lemuel_coloured_pillars_altar, gammafunk_ghost_hive,
          cheibrodos_sewer_entry_drain, lemuel_tele_altar
D:6:      gammafunk_temple_overflow_arena, gammafunk_ghost_grave
D:7:      lemuel_crystal_altar, enter_ossuary_5
D:8:      kb_xom_exploding_sheep, gammafunk_ghost_spectres,
          lemuel_mausoleum_altar_yredelemnul
D:9:      wad_woods_minihive, marbit_many_paths, serial_shops, shop_fountains,
          hangedman_fish_farm, hangedman_decor_points, kennysheep_generic_room_9
D:10:     dpeg_lair_monsters, uniq_grum
Temple:   dpeg_chambers_temple
Sewer:    sewer_co_cracked_pipes
Ossuary:  ossuary_tomb_3

Skill      XL: |  1  2  3  4  5  6  7  8  9 10 11 |
---------------+----------------------------------+-----
Axes           | 3 4 5 7 8 10 11 12 | 12.3
Fighting       | 4 5 6 8 9 |  9.4
Dodging        | 1 2 4 6 7 |  7.8
Shields        | 4 5 6 7 9 |  9.4
Armour         | 4 5 6 7 9 |  9.3

Action                   |  1- 3 |  4- 6 |  7- 9 | 10-12 || total
-------------------------+-------+-------+-------+-------++-------
Melee: War axe           |    56 |   171 |       |       ||   227
       Headbutt          |     4 |    30 |    51 |    25 ||   110
       Broad axe         |       |       |   258 |   209 ||   467
  Use: Scroll            |       |    11 |     5 |     1 ||    17
       Potion            |       |       |     2 |       ||     2
 Stab: Sleeping          |       |       |     1 |       ||     1
  Eat: Chunk             |       |     7 |    13 |     4 ||    24
       Ration            |       |       |       |     1 ||     1
Armor: Scale mail        |    28 |    80 |    15 |       ||   123
       Chain mail        |       |       |    69 |   137 ||   206
Dodge: Dodged            |    16 |    65 |    76 |   145 ||   302
Block: Shield            |    24 |    90 |   125 |   201 ||   440

Table legend:
 A = Non-vault XP
 B = Vault XP
 C = Vault XP percentage of total XP
 D = Non-vault monster count
 E = Vault monster count
 F = Vault count percentage of total count
                 A         B        C        D         E       F
            +---------+---------+-------+---------+---------+-------
      Total |    4677 |    9130 |  66.1 |     165 |     130 |  44.1
            +---------+---------+-------+---------+---------+-------
        D:1 |      40 |       0 |   0.0 |      15 |       0 |   0.0
        D:2 |     114 |      30 |  20.8 |      20 |      11 |  35.5
        D:3 |     150 |       0 |   0.0 |      24 |       0 |   0.0
        D:4 |     319 |       0 |   0.0 |      12 |       0 |   0.0
        D:5 |     129 |     781 |  85.8 |       7 |      10 |  58.8
        D:6 |     533 |    1113 |  67.6 |      14 |       5 |  26.3
        D:7 |    1004 |       0 |   0.0 |      24 |       0 |   0.0
        D:8 |    1082 |    2470 |  69.5 |      28 |      19 |  40.4
        D:9 |    1036 |    3389 |  76.6 |      20 |      49 |  71.0
       D:10 |     270 |    1104 |  80.3 |       1 |       2 |  66.7
      Sewer |       0 |      68 | 100.0 |       0 |      18 | 100.0
    Ossuary |       0 |     175 | 100.0 |       0 |      16 | 100.0
            +---------+---------+-------+---------+---------+-------
